 Dungeon Crawl Stone Soup version 0.31-a0-161-gb58dd9be76 (webtiles) character file.

Game seed: 1107953585527195549

42806 Pooter the Warrior (level 13, -11/134 HPs)
             Began as a Minotaur Berserker on June 13, 2023.
             Was an Elder of Trog.
             Mangled by a cane toad (15 damage)
             ... on level 4 of the Lair of Beasts.
             The game lasted 01:13:40 (20736 turns).

Pooter the Warrior (Minotaur Berserker)            Turns: 20736, Time: 01:13:40

Health: -11/134    AC: 12    Str: 33    XL:     13   Next: 87%
Magic:  12/12      EV: 11    Int:  4    God:    Trog [****..]
Gold:   175        SH:  0    Dex: 12    Spells: 12/12 levels left

rFire   + . .        a - +0 war axe (flame)
rCold   . . .        (no shield)
rNeg    . . .        n - +5 ring mail of the Barnacle {rF+ Str+2}
rPois   +            (helmet restricted)
rElec   .            A - +1 cloak
rCorr   .            (no gloves)
SInv    .            (no boots)
Will    .....        N - amulet of regeneration
Stlth   ++           z - +6 ring of strength
HPRegen 1.22/turn    P - ring of poison resistance
MPRegen 0.13/turn

%: no passive effects
@: on berserk cooldown, slowed, very slow
A: horns 2, retaliatory headbutt
a: Renounce Religion, Berserk, Trog's Hand, Brothers in Arms


You were on level 4 of the Lair of Beasts.
You worshipped Trog.
Trog was greatly pleased with you.
You visited 2 branches of the dungeon, and saw 15 of its levels.
You also visited: Ossuary.

You collected 775 gold pieces.
You spent 600 gold pieces at shops.

Inventory:

Hand Weapons
 a - a +0 war axe of flaming (weapon)
   (You took it off an orc on level 7 of the Dungeon)
 b - a +1 arbalest of flaming
   (You found it on level 4 of the Dungeon)
 i - a +0 battleaxe
   (You found it on level 5 of the Lair of Beasts)
 G - a +3 trident of flaming
   (You took it off an orc on level 10 of the Dungeon)
Missiles
 m - 22 poisoned darts (quivered)
 p - 3 throwing nets {!f}
 y - 5 curare-tipped darts
 E - 4 boomerangs
 F - 2 javelins
 Q - 94 stones
Armour
 n - the +5 ring mail of the Barnacle (worn) {rF+ Str+2}
   (You took it off a goblin on level 2 of the Dungeon)

   Str:       It affects your strength (+2).
   rF:        It protects you from fire.
 w - a +0 plate armour
   (You found it on level 1 of the Dungeon)
 A - a +1 cloak (worn)
   (You found it on level 8 of the Dungeon)
Jewellery
 z - a +6 ring of strength (left hand)
   (You found it on level 7 of the Dungeon)
 B - an amulet of the acrobat
   (You found it on level 7 of the Dungeon)
 I - a +4 ring of protection
   (You found it on level 1 of the Lair of Beasts)
 L - a ring of willpower
   (You found it on level 3 of the Lair of Beasts)
 N - an amulet of regeneration (around neck)
   (You bought it in a shop on level 10 of the Dungeon)
 P - a ring of poison resistance (right hand)
   (You bought it in a shop on level 10 of the Dungeon)
 S - a ring of see invisible
   (You found it on level 10 of the Dungeon)
Wands
 d - a wand of iceblast (9)
   (You found it on level 6 of the Dungeon)
 f - a wand of flame (22)
   (You found it on level 2 of the Lair of Beasts)
 x - a wand of mindburst (15)
   (You took it off Psyche on level 8 of the Dungeon)
 D - a wand of polymorph (12)
   (You took it off an orc wizard on level 7 of the Dungeon)
Scrolls
 j - 4 scrolls of noise {!r}
 s - 4 scrolls of revelation
 t - 7 scrolls of teleportation {@r4}
 u - 3 scrolls of vulnerability {!r}
 J - 2 scrolls of brand weapon
 K - 2 scrolls of immolation {!r}
 O - 2 scrolls of poison
Potions
 c - 8 potions of curing {@q1}
 e - 4 potions of attraction {!q}
 g - 3 potions of lignification {!q}
 k - a potion of brilliance {unknown}
 l - 3 potions of heal wounds {@q2}
 o - 3 potions of might
 q - 2 potions of enlightenment
 r - 2 potions of magic {unknown}
 C - a potion of mutation {unknown}
 M - a potion of ambrosia {unknown}
 R - a potion of resistance {unknown}
 T - a potion of haste {unknown}
Miscellaneous
 h - a tin of tremorstones (1/2)
   (You found it on level 1 of the Lair of Beasts)


   Skills:
 + Level 18.0 Fighting
 - Level 16.0 Axes
 * Level 16.4 Ranged Weapons
 - Level 2.4 Armour
 - Level 2.1 Dodging
 - Level 3.5 Stealth
 + Level 6.2 Evocations


You had 12 spell levels left.
You didn't know any spells.
Your spell library was empty.

Dungeon Overview and Level Annotations

Branches:
Dungeon (10/15)            Temple (0/1) D:6            Lair (5/5) D:9
 Shoals (0/4) Lair:2        Snake (0/4) Lair:2          Orc (0/2) D:10
Ossuary (visited)
  Slime: Lair:4-5

Altars:
Ashenzari
Cheibriados
Elyvilon
Kikubaaqudgha
Trog
Xom

Shops:
D:7 [   D:10 =

Portals:
Abyss: D:7

Annotations:
D:7 2 transporters, rabbitsville's ghost, novice DjFE


Innate Abilities, Weirdness & Mutations

You have a pair of horns on your head.
You reflexively headbutt those who attack you in melee.


Message History

The cane toad attacks as you move away! The cane toad stings you!
* * * LOW HITPOINT WARNING * * *
The cane toad stings you.
* * * LOW HITPOINT WARNING * * *
The blink frog blinks!
The blink frog blinks!
The cane toad stings you but does no damage.
The blink frog attacks as you move away!
The blink frog hits you!
* * * LOW HITPOINT WARNING * * *
Your skin stops crawling.
You feel less strong-willed.
The blink frog blinks!
The blink frog barely misses you.
The slime creature jiggles.
The blink frog blinks!
The blink frog attacks as you move away!
The blink frog hits you but does no damage.
The cane toad stings you!
* * * LOW HITPOINT WARNING * * *
The blink frog blinks!
The blink frog hits you!
* * * LOW HITPOINT WARNING * * *
The blink frog hits you.
* * * LOW HITPOINT WARNING * * *
The blink frog completely misses you.
The cane toad stings you but does no damage.
There is a stone staircase leading up here.
The blink frog hits you but does no damage.
The blink frog hits you.
* * * LOW HITPOINT WARNING * * *
The cane toad stings you.
* * * LOW HITPOINT WARNING * * *
The cane toad stings you but does no damage.
The blink frog blinks! x2; The cane toad closely misses you.
The cane toad misses you.
The blink frog hits you but does no damage.
You climb upwards.
There is a stone staircase leading down here.
The tremorstone explodes into fragments!
The burst of rock shards engulfs the cane toad!!
The burst of rock shards engulfs you!!
* * * LOW HITPOINT WARNING * * *
The burst of rock shards engulfs the blink frog!
The burst of rock shards engulfs the cane toad!
You kill the cane toad!
Trog accepts your kill. The blink frog closely misses you.
You furiously retaliate!
You headbutt the blink frog!!
You kill the blink frog!
Trog accepts your kill. The cane toad misses you. The cane toad stings you!
You die...

#P~~P~~~~~♣# ###~~P~P~♣# #####
### ### ##.....#
#.#.###.#########.#######.....#
..............#.........P.....#
..............#.............#.#
.............................##
...............†............##
................@...........#
.>.............F.......##...##
...................^......^..####
.......................##........
................#.....#.#........
#.###.##......#####....#.....#.##
##.####......#†####...###....###
### ##......††..#...##P.....# #
##........##...###...:####


You could see a cane toad.

Vanquished Creatures
  Kirke (Lair:4)
  A hydra (Lair:5)
  2 catoblepae
  A two-headed ogre (D:8)
  2 boulder beetles (Lair:3)
  6 death yaks
  2 skysharks
  A lindwurm (Lair:5)
  A manticore (Lair:5)
  7 elephants
  4 black mambas
  2 merfolk sirens (Lair:2)
  6 cane toads
  3 torpor snails (Lair:5)
  2 rime drakes
  6 komodo dragons
  Psyche (D:8)
  2 merfolk (Lair:2)
  27 blink frogs
  Grinder (D:3)
  8 dream sheep
  4 shadows
  42 yaks
  8 wyverns
  2 basilisks
  3 hogs (Lair:4)
  Grum (D:8)
  5 steam dragons
  A warg (D:8)
  A two-headed ogre zombie (D:10)
  11 water moccasins
  2 acid dragons (D:10)
  7 black bears
  3 ice beasts
  2 sky beasts
  An orc warrior (D:10)
  An ogre (D:6)
  A centaur (D:10)
  13 wolves
  An elf zombie (Ossuary)
  4 kobold brigands
  A gnoll sergeant (D:7)
  10 bullfrogs
  3 scorpions
  9 wights
  A troll zombie (D:10)
  16 killer bees
  4 centaur zombies (Ossuary)
  2 orc priests
  2 gnoll boudas
  4 hounds
  A jelly (D:5)
  Terence (D:2)
  6 hell rats (Lair:4)
  3 iguanas
  A sleepcap (D:6)
  4 orc wizards
  6 ogre zombies (D:10)
  A hound zombie (Ossuary)
  3 mummies (Ossuary)
  Robin (D:2)
  18 gnolls
  8 adders
  A shadow imp (D:7)
  2 white imps
  7 adder zombies (Ossuary)
  3 dart slugs
  21 orcs
  3 bats
  10 endoplasms
  2 giant cockroaches (D:4)
  A gnoll zombie (Ossuary)
  15 goblins
  9 hobgoblins
  7 jackals (D:5)
  3 quokkas
  3 ball pythons
  4 frilled lizards
  2 goblin skeletons (D:10)
  6 goblin zombies
  10 hobgoblin zombies
  3 jackal zombies (Ossuary)
  26 kobolds
  A kobold zombie (Ossuary)
  2 orc skeletons (D:10)
  13 orc zombies (D:10)
  2 quokka zombies (Ossuary)
  6 rats
  4 rat zombies (Ossuary)
470 creatures vanquished.

Vanquished Creatures (others)
  A water moccasin (Lair:4)
1 creature vanquished.

Grand Total: 471 creatures vanquished

Notes
Turn   | Place    | Note
-------+----------+-------------------------------------------
     0 | D:1      | Pooter the Minotaur Berserker began the quest for the Orb.
     0 | D:1      | Reached XP level 1. HP: 19/19 MP: 0/0
   180 | D:1      | Reached XP level 2. HP: 12/27 MP: 1/1
   724 | D:1      | Reached skill level 1 in Stealth
   795 | D:2      | Noticed Terence
   802 | D:2      | Reached skill level 4 in Fighting
   802 | D:2      | Reached XP level 3. HP: 33/33 MP: 2/2
   805 | D:2      | Killed Terence
   955 | D:2      | Reached XP level 4. HP: 36/41 MP: 3/3
  1010 | D:2      | Noticed a scorpion
  1016 | D:2      | Killed a scorpion
  1017 | D:2      | Reached skill level 5 in Fighting
  1017 | D:2      | Reached skill level 5 in Axes
  1113 | D:2      | Noticed Robin
  1115 | D:2      | Reached ** piety under Trog
  1121 | D:2      | Identified the +5 ring mail of the Barnacle {rF+ Str+2}
  1122 | D:2      | Killed Robin
  1123 | D:2      | Reached XP level 5. HP: 48/48 MP: 4/4
  1599 | D:3      | Noticed Grinder
  1604 | D:3      | Killed Grinder
  1605 | D:3      | Reached skill level 6 in Fighting
  1605 | D:3      | Reached XP level 6. HP: 57/57 MP: 5/5
  1683 | D:3      | Found a broken altar of Ashenzari.
  2264 | D:4      | Found a sand-covered staircase.
  2270 | Ossuary  | Entered an ossuary
  2298 | Ossuary  | Reached skill level 1 in Ranged Weapons
  2358 | Ossuary  | Reached *** piety under Trog
  2359 | Ossuary  | Reached XP level 7. HP: 64/64 MP: 6/6
  2519 | Ossuary  | Reached skill level 7 in Fighting
  3323 | D:5      | Entered Level 5 of the Dungeon
  3604 | D:5      | Reached XP level 8. HP: 74/74 MP: 7/7
  3724 | D:4      | Found a snail-covered altar of Cheibriados.
  3883 | D:6      | Reached skill level 8 in Fighting
  3988 | D:6      | Reached **** piety under Trog
  3989 | D:6      | Reached skill level 5 in Ranged Weapons
  4203 | D:6      | Found a bloodstained altar of Trog.
  4510 | D:6      | Reached skill level 9 in Fighting
  4599 | D:6      | Found a staircase to the Ecumenical Temple.
  4753 | D:7      | Found a transporter.
  4755 | D:7      | Found a transporter.
  4917 | D:7      | Noticed a toenail golem
  4947 | D:7      | Found a one-way gate to the infinite horrors of the Abyss.
  4947 | D:7      | Noticed rabbitsville's ghost (novice DjFE)
  4948 | D:7      | Noticed a small abomination
  5346 | D:7      | Reached XP level 9. HP: 84/85 MP: 8/8
  5458 | D:7      | Found Bon Qysch's Armour Shop.
  5798 | D:7      | Reached skill level 10 in Fighting
  5798 | D:7      | Reached skill level 10 in Axes
  6796 | D:7      | Reached skill level 11 in Fighting
  7862 | D:8      | Noticed a two-headed ogre
  7870 | D:8      | Killed a two-headed ogre
  7871 | D:8      | Reached XP level 10. HP: 96/96 MP: 9/9
  8164 | D:8      | Noticed Maurice
  8206 | D:8      | Maurice changed into Maurice the warg
  8206 | D:8      | Noticed Maurice
  8209 | D:8      | Killed Maurice the warg
  8545 | D:8      | Reached skill level 12 in Fighting
  8546 | D:8      | Noticed Grum
  8568 | D:8      | Killed Grum
  8665 | D:8      | Noticed Psyche
  8674 | D:8      | Killed Psyche
  8835 | D:8      | Reached skill level 10 in Ranged Weapons
  9541 | D:9      | Reached skill level 13 in Fighting
  9748 | D:9      | Reached XP level 11. HP: 70/107 MP: 10/10
  9939 | D:9      | Found a white marble altar of Elyvilon.
  9953 | D:9      | Found an ancient bone altar of Kikubaaqudgha.
  9977 | D:9      | Found a shimmering altar of Xom.
 10092 | D:9      | Found a staircase to the Lair.
 10323 | D:10     | Entered Level 10 of the Dungeon
 13004 | D:10     | Found a staircase to the Orcish Mines.
 13924 | D:10     | Found Gisevur's Jewellery Boutique.
 13926 | D:10     | Bought a ring of poison resistance for 240 gold pieces
 14096 | D:10     | Reached skill level 14 in Fighting
 14433 | Lair:1   | Entered Level 1 of the Lair of Beasts
 14741 | Lair:1   | Reached skill level 15 in Axes
 14852 | Lair:1   | Reached skill level 15 in Fighting
 14859 | Lair:1   | Reached XP level 12. HP: 101/119 MP: 11/11
 15594 | Lair:2   | Reached skill level 1 in Evocations
 15750 | Lair:2   | Found a staircase to the Snake Pit.
 15782 | Lair:2   | Found a staircase to the Shoals.
 15867 | Lair:2   | Noticed a boulder beetle
 16628 | Lair:3   | Noticed a boulder beetle
 16644 | Lair:3   | Killed a boulder beetle
 16871 | Lair:3   | Noticed a death yak
 16873 | Lair:3   | Noticed a death yak
 16888 | Lair:3   | Noticed a death yak
 16890 | Lair:3   | Killed a death yak
 16915 | Lair:3   | Killed a death yak
 16916 | Lair:3   | Reached skill level 16 in Fighting
 16921 | Lair:3   | Killed a death yak
 17325 | Lair:3   | Killed a boulder beetle
 18885 | D:10     | Bought an amulet of regeneration for 360 gold pieces
 19014 | Lair:4   | Reached XP level 13. HP: 118/130 MP: 12/12
 19148 | Lair:4   | Noticed Sonja
 19149 | Lair:4   | Sonja changed into Sonja the sky beast
 19149 | Lair:4   | Noticed Sonja
 19157 | Lair:4   | Killed Sonja the sky beast
 19352 | Lair:4   | Reached skill level 17 in Fighting
 19452 | Lair:4   | Reached skill level 15 in Ranged Weapons
 19815 | Lair:4   | Noticed Kirke
 19830 | Lair:4   | Killed Kirke
 19843 | Lair:4   | Reached skill level 5 in Evocations
 20129 | Lair:5   | Entered Level 5 of the Lair of Beasts
 20704 | Lair:5   | Reached skill level 18 in Fighting
 20736 | Lair:4   | HP: 2/134 [shot self (19)]
 20736 | Lair:4   | Mangled by a cane toad

Illustrated notes

Levels and vault maps discovered:
D:1:      scummos_arrival_forest, layout_loops_ring
D:2:      layout_rooms, uniq_robin, uniq_terence
D:3:      layout_rooms, evilmike_ruin_ashenzari, uniq_grinder
D:4:      layout_basic, nicolae_overflow_hidden_temple,
          nicolae_ossuary_entry_plus, minmay_misc_feat_tiny,
          minmay_misc_feat_more_columns
D:5:      layout_cave_pools
D:6:      layout_gridville, trog_ov_bears_minmay, temple_hall
D:7:      layout_basic, gammafunk_ghost_abyssal_escape, serial_shops, shop,
          nzn_random_ring
D:8:      layout_basic, uniq_psyche, uniq_maurice, uniq_grum
D:9:      layout_basic, chequers_temple_overflow_statue_of_worship,
          lemuel_round_altar, lair_entry_dummy
D:10:     layout_roguey, zombieorc2_lemuel, serial_shops,
          nicolae_shop_gaudy_bauble, minmay_misc_feat_square
Lair:1:   layout_roguey, grunt_megastairs_3
Lair:2:   layout_misc_corridors, elwin_shoals_entry_stream, dummy_snake_entry,
          minmay_holes
Lair:3:   layout_gridlike, cheibrodos_lair_caveside_slide, serial_bayou_pond_a,
          serial_bayou_pond_b, hibernation_bobbens
Lair:4:   layout_gridlike, serial_bayou_shore_b, serial_bayou_shore_b,
          uniq_sonja, uniq_kirke
Lair:5:   hangedman_lair_in_review, layout_regular_city,
          minmay_slime_entry_pillars

Skill      XL: |  1  2  3  4  5  6  7  8  9 10 11 12 13 |
---------------+----------------------------------------+-----
Axes           | 4 5 6 7 9 11 13 15 16 | 16.0
Stealth        | 1 2 3 |  3.5
Fighting       | 4 5 6 7 9 11 13 15 16 18 | 18.0
Ranged Weapons | 1 4 6 9 10 12 14 16 | 16.4
Evocations     | 4 6 |  6.2
Armour         | |  2.4
Dodging        | |  2.1

Action                     |  1- 3 |  4- 6 |  7- 9 | 10-12 | 13-15 || total
---------------------------+-------+-------+-------+-------+-------++-------
  Melee: Hand axe          |    40 |       |       |       |       ||    40
         Headbutt          |     7 |    11 |    37 |    78 |    47 ||   180
         Trident           |    17 |   115 |   143 |       |       ||   275
         Punch             |       |       |     1 |     4 |     3 ||     8
         Whip              |       |       |     2 |       |       ||     2
         War axe           |       |       |       |   379 |   165 ||   544
         Battleaxe         |       |       |       |       |    12 ||    12
   Fire: Sling             |       |    28 |    20 |       |       ||    48
         Arbalest          |       |       |   164 |   271 |    70 ||   505
  Throw: Stone             |       |     8 |       |       |       ||     8
         Dart              |       |       |       |     8 |    31 ||    39
 Invoke: Berserk           |     2 |     3 |     2 |     9 |     3 ||    19
         Trog's Hand       |       |     2 |     4 |    21 |     9 ||    36
  Evoke: Wand              |       |       |       |     7 |     1 ||     8
         Tin of tremorston |       |       |       |       |     1 ||     1
    Use: Scroll            |     2 |     5 |     7 |     6 |    10 ||    30
         Potion            |       |       |       |     1 |     4 ||     5
   Stab: Sleeping          |       |     1 |     1 |       |       ||     2
 Armour: Animal skin       |     2 |       |       |       |       ||     2
         Plate armour      |    16 |     7 |       |       |       ||    23
         Ring mail         |       |    36 |   107 |   133 |    82 ||   358
  Dodge: Dodged            |    23 |    37 |   147 |   206 |    97 ||   510

Table legend: (Time is in decaauts)
 A = Elapsed time spent in this place.
 B = Non-inter-level travel time spent in this place.
 C = Inter-level travel time spent in this place.
 D = Time resting spent in this place.
 E = Time spent auto-exploring this place.
 F = Levels seen in this place.
 G = Mean time per level.
                   A        B        C        D        E       F      G
               +--------+--------+--------+--------+--------+-----+--------+
         Total |  20953 |  20179 |    774 |   8949 |   8036 |  16 | 1309.6 |
       Dungeon |  14488 |  13930 |    558 |   6939 |   5103 |  10 | 1448.8 |
          Lair |   6123 |   5907 |    216 |   2010 |   2801 |   5 | 1224.6 |
       Ossuary |    341 |    341 |      0 |      0 |    132 |   1 |  341.0 |
               +--------+--------+--------+--------+--------+-----+--------+

Top non-repeatable levels by time:
    D:10: 4205 daAuts
     D:7: 3346 daAuts
  Lair:3: 2456 daAuts
     D:8: 1417 daAuts
  Lair:4: 1170 daAuts
  Lair:1: 1100 daAuts
     D:9: 1026 daAuts
     D:4: 977 daAuts
     D:6: 860 daAuts
  Lair:2: 836 daAuts
     D:1: 806 daAuts
     D:2: 794 daAuts
  Lair:5: 560 daAuts
     D:5: 555 daAuts
     D:3: 498 daAuts
